 Dungeon Crawl Stone Soup version 0.18.1-47-g9310371 (webtiles) character file.

82741 Krapule the Blocker (level 16, 0/114 HPs)
             Began as a Halfling Fighter on June 20, 2016.
             Was a High Priest of the Shining One.
             Hit by a large rock thrown by a stone giant (40 damage)
             ... on level 2 of the Orcish Mines.
             The game lasted 02:24:04 (25179 turns).

Krapule the Blocker (Halfling Fighter)             Turns: 25179, Time: 02:24:05

Health: 0/114      AC: 16    Str: 21    XL:     16   Next: 22%
Magic:  24/24      EV: 27    Int:  4    God:    the Shining One [*****.]
Gold:   2262       SH: 16    Dex: 25    Spells: 0 memorised, 15 levels left

rFire  + . .     SeeInvis .     a - +2 long sword (slice)
rCold  + . .     Gourm    .     R - +2 ring mail {rF+}
rNeg   + + .     Faith    .     c - +1 shield
rPois  +         Spirit   .     O - +2 hat
rElec  +         Dismiss  .     j - +0 cloak "Saxzed" {Regen+ MP-9 Str+3 Dex+3}
rCorr  .         Reflect  .     p - +0 pair of gloves
SustAt .         Harm     .     n - +0 pair of boots
MR     +....                    U - amulet of rage
Stlth  +.........               K - +3 ring of dexterity
                                E - ring of Qotacaow {rElec rPois rC+ MP+9 Int-3}

@: glowing, somewhat resistant to hostile enchantments, very unstealthy
A: mutation resistance 1
a: Divine Shield, Cleansing Flame, Summon Divine Warrior, Renounce Religion,
Evoke Berserk Rage


You were on level 2 of the Orcish Mines.
You worshipped the Shining One.
The Shining One was extremely pleased with you.
You were not hungry.

You visited 4 branches of the dungeon, and saw 22 of its levels.
You also visited: Ice Cave and Volcano.

You collected 2565 gold pieces.
You spent 303 gold pieces at shops.

Inventory:

Hand Weapons
 a - a +2 long sword of slicing (weapon)
 b - a +0 long sword of flaming
Missiles
 y - 2 throwing nets (quivered)
Armour
 c - a +1 shield (worn)
 j - the +0 cloak "Saxzed" (worn) {Regen+ MP-9 Str+3 Dex+3}
   (You found it on level 4 of the Dungeon)

   It affects your strength (+3).
   It affects your dexterity (+3).
   It affects your magic capacity (-9).
   It increases your rate of regeneration.
 n - a +0 pair of boots (worn)
 p - a +0 pair of gloves (worn)
 O - a +2 hat (worn)
 R - a +2 ring mail of fire resistance (worn)
Jewellery
 E - the ring of Qotacaow (left hand) {rElec rPois rC+ MP+9 Int-3}
   (You bought it in a shop on level 4 of the Dungeon)

   [ring of intelligence]

   It affects your intelligence (-3).
   It protects you from cold.
   It insulates you from electricity.
   It protects you from poison.
   It affects your magic capacity (+9).
 K - a +3 ring of dexterity (right hand)
 U - an amulet of rage (around neck)
 Y - an uncursed ring of protection from cold
Wands
 h - a wand of hasting (0/9)
 M - a wand of disintegration (7/24)
 T - a wand of lightning (2/15)
Scrolls
 d - 2 scrolls of enchant weapon
 e - a scroll of teleportation
 l - 13 scrolls of remove curse
 s - a scroll of torment {unknown}
 t - 2 scrolls of magic mapping
 u - 2 scrolls of fog
 G - a scroll of blinking
 S - 3 scrolls of fear
Potions
 i - 2 potions of brilliance
 q - 2 potions of flight
 v - a potion of haste
 x - 3 potions of magic
 C - 5 potions of curing
 L - 5 potions of resistance
 N - a potion of lignification
 P - 4 potions of might
 X - a potion of cancellation
Miscellaneous
 J - a phial of floods
Comestibles
 f - 11 bread rations
 g - a meat ration


   Skills:
 + Level 11.7 Fighting
 - Level 8.0 Long Blades
 + Level 13.6 Armour
 + Level 13.2 Dodging
 + Level 13.7 Shields
 + Level 10.9 Invocations


You had 15 spell levels left.
You didn't know any spells.

Dungeon Overview and Level Annotations

Branches:
Dungeon (11/15)            Temple (1/1) D:4            Lair (8/8) D:10
  Swamp (0/4) Lair:4       Spider (0/4) Lair:6        Slime (0/6) Lair:8
    Orc (2/2) D:11            Elf (0/3) Orc:2

Altars:
Elyvilon
Gozag
Makhleb
Qazlal
Ru
Trog
Yredelemnul
The Shining One

Shops:
D:4 =   D:10 [   D:11 ([   Orc:2 =}(

Annotations:
Lair:6 Snorg
Lair:8 exclusion: 2 oklob plants


Innate Abilities, Weirdness & Mutations

You are small and have problems with some larger weapons.
You are somewhat resistant to further mutation.


Message History

You slash the ogre!
You kill the ogre!
The stone giant throws a large rock.
The large rock hits you!!!
You slash the two-headed ogre!
The two-headed ogre is moderately wounded.
You block the two-headed ogre's attack. The two-headed ogre closely misses you.
You hit the two-headed ogre but do no damage.
The two-headed ogre is moderately wounded.
You block the two-headed ogre's attack.
The two-headed ogre hits you with a giant club!!
A two-headed ogre comes into view. It is wielding two giant clubs.
You slash the two-headed ogre!
The two-headed ogre is almost dead.
You block the two-headed ogre's attack. The two-headed ogre closely misses you.
A two-headed ogre comes into view. It is wielding two giant clubs.
The two-headed ogre shouts in stereo!
You slash the two-headed ogre!
You kill the two-headed ogre!
The stone giant throws a large rock.
The large rock hits you!!!
You die...

#.........# ##........## #
###..#.OO.# # #####รท.## #
##C...# ##....## #....##
##)### ####### ###@#####
##..#..# #.)...#.# #......##
###).....# ........##
##.......##
.........###.........#####
...........#..........##.##
...........#)....())......##
...##..))..).....##........##
...###)))......#.##.........##


You could see a stone giant and 2 two-headed ogres.

Vanquished Creatures
  9 hydras
  Fannar (D:10)
  3 catoblepae (Lair:8)
  2 ogre magi (Orc:2)
  An orc high priest (D:11)
  14 death yaks
  Nergalle (Lair:4)
  A fire crab (Lair:7)
  A deep troll (Orc:2)
  2 hill giants
  2 orc knights
  Pikel (D:8)
  4 orc sorcerers
  4 griffons (Lair:8)
  2 cyclopes (Orc:2)
  3 black mambas
  2 ice statues (IceCv)
  Joseph (D:10)
  18 elephants
  Psyche (D:9)
  5 rime drakes
  8 spiny frogs
  14 komodo dragons
  6 trolls
  2 giant leeches (Lair:4)
  6 two-headed ogres
  3 boulder beetles
  15 blink frogs
  2 redbacks (Lair:6)
  3 wyverns
  66 yaks
  A wraith (D:8)
  A basilisk (Lair:5)
  10 hippogriffs
  Grum (D:8)
  9 swamp worms
  Menkaure (D:5)
  2 wargs
  21 water moccasins
  Duvessa (D:4)
  15 porcupines
  35 orc warriors
  26 ogres
  4 ice beasts
  25 wolves
  3 phantoms
  2 necrophages
  4 centaurs
  12 crocodiles
  2 wyvern zombies
  17 giant frogs
  Dowan (D:4)
  4 scorpions
  3 killer bees (D:10)
  4 wights
  3 electric eels
  A howler monkey (D:9)
  3 quasits
  3 centaur zombies
  5 crimson imps
  A jelly (D:10)
  4 giant frog zombies
  7 hounds
  A wasp zombie (D:6)
  13 iguanas
  15 orc priests
  21 orc wizards
  2 giant frog skeletons
  Jessica (D:3)
  A centaur skeleton (D:4)
  7 worker ants
  2 killer bee zombies
  15 sheep
  2 hound zombies
  A hound skeleton (D:9)
  A howler monkey skeleton (D:6)
  4 worker ant zombies
  14 adders
  7 gnolls
  46 river rats
  3 adder zombies
  2 adder skeletons
  3 dart slugs
  16 worms
  4 giant geckos
  104 orcs
  5 giant cockroaches
  8 goblins
  11 hobgoblins
  7 jackals
  4 quokkas
  2 ball pythons
  19 bats
  2 giant gecko skeletons
  4 giant gecko zombies
  5 giant newts
  2 jackal zombies (D:6)
  7 kobolds
  A quokka skeleton (D:8)
  A quokka zombie (D:6)
  5 rats
  A plant (Lair:8)
803 creatures vanquished.

Vanquished Creatures (collateral kills)
  4 death yaks (Lair:8)
  An ice statue (IceCv)
  3 ice beasts (IceCv)
  A crocodile (Lair:8)
9 creatures vanquished.

Vanquished Creatures (others)
  A death yak (Lair:8)
  An elephant (Lair:7)
  A rime drake (Lair:8)
  A yak (Lair:6)
  A centaur zombie (D:9)
  A river rat (D:10)
  55 fungi
  27 plants
88 creatures vanquished.

Grand Total: 900 creatures vanquished

Notes
Turn   | Place    | Note
--------------------------------------------------------------
     0 | D:1      | Krapule the Halfling Fighter began the quest for the Orb.
     0 | D:1      | Reached XP level 1. HP: 15/15 MP: 1/1
    99 | D:1      | Reached XP level 2. HP: 20/20 MP: 2/2
   425 | D:1      | Reached skill level 1 in Dodging
   437 | D:1      | Reached XP level 3. HP: 24/25 MP: 3/3
   736 | D:2      | Reached XP level 4. HP: 21/30 MP: 4/4
  1481 | D:2      | Reached XP level 5. HP: 36/36 MP: 5/5
  2626 | D:3      | Noticed Jessica
  2642 | D:3      | Killed Jessica
  2642 | D:3      | Reached XP level 6. HP: 39/42 MP: 6/6
  2759 | D:3      | Reached skill level 5 in Armour
  3210 | D:3      | Reached XP level 7. HP: 46/46 MP: 7/7
  3307 | D:4      | Noticed Dowan
  3308 | D:4      | Noticed Duvessa
  3466 | D:4      | Got a warped cloak
  3488 | D:4      | Killed Duvessa
  3494 | D:4      | Identified the cursed +0 cloak "Saxzed" {Regen+ MP-9 Str+3 Dex+3} (You found it on level 4 of the Dungeon)
  3504 | D:4      | Killed Dowan
  3577 | D:4      | Reached skill level 5 in Shields
  3657 | D:4      | Reached XP level 8. HP: 29/54 MP: 0/8
  4044 | D:4      | Found Ekytaisa's Jewellery Emporium.
  4062 | D:4      | Found a staircase to the Ecumenical Temple.
  4114 | Temple   | Entered the Ecumenical Temple
  4123 | Temple   | Became a worshipper of the Shining One
  4202 | D:5      | Entered Level 5 of the Dungeon
  4305 | D:5      | Noticed Menkaure
  4356 | D:5      | Killed Menkaure
  4356 | D:5      | Reached skill level 1 in Invocations
  4678 | D:5      | Reached XP level 9. HP: 57/59 MP: 1/10
  4744 | D:5      | Found a sacrificial altar of Ru.
  4790 | D:5      | Reached skill level 5 in Fighting
  5169 | D:5      | Reached skill level 5 in Dodging
  5381 | D:5      | Reached skill level 5 in Long Blades
  5658 | D:6      | Reached * piety under the Shining One
  5940 | D:6      | Reached ** piety under the Shining One
  6723 | D:7      | Reached XP level 10. HP: 68/68 MP: 3/12
  7436 | D:8      | Found a basalt altar of Yredelemnul.
  7543 | D:8      | Reached *** piety under the Shining One
  7910 | D:8      | Found a burning altar of Makhleb.
  7968 | D:8      | Noticed Grum
  8028 | D:8      | Killed Grum
  8531 | D:9      | Reached skill level 5 in Invocations
  8682 | D:4      | Bought the cursed ring of Qotacaow {rElec rPois rC+ MP+9 Int-3} for 303 gold pieces
  8925 | D:9      | Noticed Pikel
  8952 | D:8      | Killed Pikel
  8952 | D:8      | Reached XP level 11. HP: 65/74 MP: 13/15
  8994 | D:9      | Noticed Psyche
  9008 | D:9      | Killed Psyche
  9069 | D:9      | Found a stormy altar of Qazlal.
  9669 | D:10     | Entered Level 10 of the Dungeon
  9935 | D:10     | Reached **** piety under the Shining One
  9968 | D:10     | Found Ziqo's Armour Boutique.
 10051 | D:10     | Noticed Joseph
 10071 | D:10     | Killed Joseph
 10231 | D:10     | Found a staircase to the Lair.
 10283 | D:10     | Noticed Fannar
 10314 | D:10     | Killed Fannar
 10521 | Lair:1   | Entered Level 1 of the Lair of Beasts
 10754 | Lair:1   | Reached XP level 12. HP: 73/82 MP: 17/17
 10761 | Lair:1   | Found a dark tunnel.
 10769 | Volcano  | Entered a volcano
 11121 | Lair:1   | Noticed a seven-headed hydra
 11140 | Lair:1   | Killed a one-headed hydra
 11374 | Lair:1   | Noticed a six-headed hydra
 11392 | Lair:1   | Killed a one-headed hydra
 11634 | Lair:2   | Noticed a six-headed hydra
 11653 | Lair:2   | Killed a one-headed hydra
 11869 | Lair:2   | Reached skill level 10 in Shields
 12122 | Lair:2   | Reached skill level 10 in Armour
 12927 | Lair:4   | Noticed a five-headed hydra
 13032 | Lair:3   | Reached XP level 13. HP: 76/90 MP: 19/19
 13356 | Lair:3   | Reached skill level 10 in Dodging
 13646 | Lair:4   | Noticed Nergalle
 13685 | Lair:4   | Killed Nergalle
 13700 | Lair:4   | Killed a one-headed hydra
 15124 | Lair:6   | Found a hole to the Spider Nest.
 15275 | Lair:6   | Noticed Snorg
 15504 | Lair:6   | Noticed a five-headed hydra
 15520 | Lair:6   | Killed a one-headed hydra
 16230 | Lair:7   | Reached ***** piety under the Shining One
 16289 | Lair:7   | Reached XP level 14. HP: 98/98 MP: 21/21
 16592 | Lair:7   | Reached skill level 10 in Invocations
 16593 | Lair:7   | Reached skill level 10 in Fighting
 17147 | Lair:8   | Entered Level 8 of the Lair of Beasts
 17147 | Lair:8   | Found a staircase to the Slime Pits.
 17258 | Lair:8   | Found a frozen archway.
 17262 | IceCv    | Entered an ice cave
 19184 | Lair:8   | Reached XP level 15. HP: 100/105 MP: 22/22
 22382 | Lair:4   | Found a staircase to the Swamp.
 22958 | D:11     | Found Cykheam's Weapon Boutique.
 22982 | D:11     | Found a staircase to the Orcish Mines.
 22986 | D:11     | Found Rueloak's Armour Boutique.
 23022 | Orc:1    | Entered Level 1 of the Orcish Mines
 23943 | Orc:2    | Entered Level 2 of the Orcish Mines
 24223 | Orc:2    | Paralysed by an orc sorcerer for 5 turns
 24237 | Orc:2    | Reached XP level 16. HP: 112/113 MP: 23/23
 24391 | Orc:2    | Found Netelury's Jewellery Shop.
 24603 | Orc:2    | Found a staircase to the Elven Halls.
 24944 | Orc:2    | Found Zeirah's Antique Weapon Shop.
 24945 | Orc:2    | Found Labu's Gadget Boutique.
 25179 | Orc:2    | Hit by a large rock thrown by a stone giant

Skill      XL: |  1  2  3  4  5  6  7  8  9 10 11 12 13 14 15 |
---------------+----------------------------------------------+-----
Dodging        | 1 2 3 4 5 7 8 9 10 12 13 | 13.2
Armour         | 4 5 6 7 8 9 10 11 12 13 | 13.6
Fighting       | 3 4 5 6 7 8 9 10 11 | 11.7
Shields        | 4 5 6 8 9 10 11 12 13 | 13.7
Long Blades    | 3 4 5 6 7 8 |  8.0
Invocations    | 1 3 5 7 8 9 10 | 10.9

Action                   |  1- 3 |  4- 6 |  7- 9 | 10-12 | 13-15 | 16-18 || total
-------------------------+-------+-------+-------+-------+-------+-------++-------
Melee: Long sword        |    86 |   297 |   497 |   948 |  2440 |   221 ||  4489
Throw: Throwing net      |       |       |       |     1 |     2 |       ||     3
Invok: Divine Shield     |       |       |       |     3 |     3 |     1 ||     7
       Summon Divine War |       |       |       |       |     3 |       ||     3
Evoke: Wand              |       |       |     3 |       |    14 |       ||    17
  Use: Scroll            |       |     9 |     5 |     8 |    11 |       ||    33
       Potion            |       |     1 |     1 |     3 |     2 |       ||     7
  Eat: Chunk             |       |     8 |    12 |    23 |    37 |     4 ||    84
       Fruit             |       |       |       |     1 |     3 |       ||     4
       Pizza             |       |       |       |       |     2 |       ||     2
Armor: Scale mail        |    39 |   102 |    30 |       |       |       ||   171
       Ring mail         |       |       |    61 |   153 |   349 |    26 ||   589
Dodge: Dodged            |    33 |   119 |   217 |   589 |  1498 |   129 ||  2585
Block: Shield            |    58 |   170 |   323 |   797 |  1929 |   196 ||  3473
